Map: Polka LE

Players

Massa

  • Race: Terran Terran
  • League: Platinum
  • Spawn Location: 11:00

qqq

  • Race: Zerg Zerg
  • League: Platinum
  • Spawn Location: 11:00

Bioman

  • Race: Zerg Zerg
  • League: Diamond
  • Spawn Location: 5:00

Kelkun

  • Race: Terran Terran
  • Spawn Location: 5:00

VOD

Have the link to the VOD?

Description

Time

  • Played on: Dec. 4, 2020, 3:10 p.m.
  • Length: 22:24
Show
View Real Time Build Order
Export as new Build Order

Massa Terran 

Build Orders: Reaper Expand 

Get SALT Encoding   

  12  0:00  SCV  
  13  0:12  SCV  
  14  0:24  SCV  
  14  0:25  Supply Depot  
  15  0:43  Refinery  
  15  0:46  Refinery, SCV  
  16  0:52  Barracks  
  16  0:58  SCV  
  18  1:11  SCV  
  18  1:26  SCV  
  19  1:39  Factory  
  19  1:40  Reaper  
  20  1:51  Orbital Command  
  20  2:14  Command Center  
  20  2:20  Marine  
  20  2:22  SCV  
  22  2:34  SCV, Supply Depot  
  23  2:49  Barracks Tech Lab  
  23  2:56  SCV, Hellion, Supply Depot  
  26  3:08  SCV  
  27  3:18  Hellion  
  29  3:26  Supply Depot  
  29  3:27  Orbital Command  
  29  3:30  SCV  
  30  3:39  Hellion, Stimpack  
  30  3:40  Marine, Supply Depot  
  33  3:42  SCV  
  34  3:54  SCV  
  35  3:56  SCV  
  35  3:57  Marine  
  37  4:03  Starport  
  37  4:06  SCV  
  37  4:08  Widow Mine, SCV  
  41  4:16  Marine  
  42  4:18  SCV  
  45  4:34  Marine  
  36  4:57  SCV x2  
  38  5:04  Command Center  
  38  5:08  Viking  
  38  5:09  SCV x2  
  42  5:14  Engineering Bay  
  42  5:21  SCV  
  43  5:24  SCV  
  44  5:30  Barracks  
  44  5:31  Barracks  
  44  5:33  SCV, Factory  
  45  5:36  SCV  
  45  5:42  Terran Infantry Weapons Level 1  
  46  5:43  Barracks  
  46  5:45  SCV  
  46  5:46  Missile Turret  
  46  5:49  Marauder  
  49  5:59  Refinery  
  49  6:00  SCV x2  
  49  6:01  Refinery  
  51  6:05  Medivac  
  51  6:10  Marauder  
  55  6:12  SCV x2  
  57  6:26  Armory  
  57  6:27  Factory Tech Lab  
  57  6:29  Barracks Reactor, Barracks Tech Lab  
  57  6:30  Barracks Tech Lab  
  57  6:31  Marine  
  58  6:33  Combat Shield  
  58  6:35  Medivac  
  60  6:42  Orbital Command  
  60  6:43  SCV x2  
  62  6:49  Marine, Siege Tank  
  66  6:55  SCV x2  
  66  7:00  Marauder x2  
  72  7:07  SCV x2, Marauder  
  76  7:12  SCV  
  76  7:14  Marine  
  76  7:15  Marine  
  79  7:19  SCV, Barracks  
  79  7:20  SCV  
  79  7:21  Marauder x2  
  85  7:27  Supply Depot  
  85  7:28  Supply Depot x2  
  85  7:31  Smart Servos, Factory Tech Lab  
  85  7:36  Terran Infantry Armor Level 1  
  85  7:37  Starport Reactor  
  85  7:49  SCV x3, Marine x2, Siege Tank  
  85  7:50  Marauder  
  95  7:52  Supply Depot  
  95  7:55  Marauder, Marine  
  98  8:01  SCV  
  99  8:07  Marauder, Marine  
  99  8:11  Marauder  
  102  8:13  Marine  
  102  8:16  Orbital Command, Marauder  
  102  8:19  Siege Tank  
  90  8:21  Marine, Siege Tank  
  77  8:27  Concussive Shells  
  77  8:29  Marauder  
  77  8:32  Marauder  
  78  8:37  Marauder  
  78  8:40  Marine x2  
  82  8:42  Barracks Reactor  
  82  8:50  Marauder  
  82  8:51  Siege Tank  
  82  8:53  Orbital Command  
  82  8:54  Marauder  
  80  8:57  Medivac  
  80  8:58  Marine x2  
  80  8:59  Marauder  
  85  9:06  Siege Tank  
  88  9:11  Marauder  
  88  9:15  Marauder  
  88  9:16  Marine  
  93  9:20  SCV x3, Marauder  
  98  9:31  Marine x2  
  98  9:32  SCV x3, Marine  
  98  9:33  Marauder, Medivac  
  98  9:34  Medivac  
  98  9:37  Marauder  
  112  9:42  Marauder  
  112  9:44  Refinery, SCV x3  
  112  9:45  Refinery  
  117  9:46  Drilling Claws  
  117  9:56  Engineering Bay  
  117  10:01  Supply Depot x2  
  117  10:02  Supply Depot  
  117  10:03  Supply Depot  
  117  10:04  Terran Infantry Weapons Level 2, Supply Depot  
  117  10:22  SCV x3, Marine x4, Siege Tank  
  117  10:23  Marauder x3  
  117  10:25  Supply Depot  
  117  10:26  Supply Depot  
  133  10:29  Supply Depot  
  133  10:33  Supply Depot  
  133  10:34  SCV x2  
  133  10:35  SCV  
  136  10:40  Marine x4  
  140  10:44  Marauder x3  
  140  10:47  SCV x3  
  149  10:59  SCV  
  150  11:06  Marauder  
  152  11:13  Command Center  
  152  11:16  Command Center  
  152  11:19  Missile Turret  
  152  11:25  Medivac x2  
  154  11:28  Terran Infantry Armor Level 2  
  154  11:31  Terran Vehicle And Ship Armor Level 1  
  151  12:22  Marauder x3, Marine x3  
  158  12:23  Marine  
  158  12:24  Siege Tank x2  
  158  12:26  Medivac x2  
  171  12:40  Marine  
  171  12:43  Marauder x3  
  178  12:56  Viking x2, Siege Tank x2  
  188  13:05  Marauder  
  158  13:48  Marauder x3, Marine x3  
  147  13:49  Marine  
  143  13:56  Missile Turret  
  143  13:57  Missile Turret  
  143  13:58  Missile Turret  
  143  14:02  Thor  
  143  14:03  Thor  
  143  14:05  Medivac  
  143  14:06  Marine x4, Medivac  
  143  14:09  Marauder x3  
  165  14:24  Marine x4  
  162  14:31  Marauder  
  166  14:35  Viking  
  166  14:36  Viking  
  160  14:38  Marine  
  160  14:39  Marine  
  160  14:42  Marine x2  
  160  14:45  Terran Infantry Armor Level 3, Thor x2, Missile Turret  
  164  14:47  Missile Turret  
  164  14:52  Marauder  
  178  14:57  Marauder x2  
  178  14:58  Missile Turret  
  178  14:59  SCV x3, Missile Turret  
  185  15:04  Marine x4  
  185  15:05  Medivac x2  
  193  15:08  Missile Turret  
  193  15:11  SCV x2  
  193  15:13  Marauder  
  197  15:18  Marauder, Marine  
  197  15:19  Missile Turret  
  197  15:20  Missile Turret  
  199  15:34  Marine  
  199  15:58  Terran Infantry Weapons Level 3  
  199  16:01  Terran Vehicle Weapons Level 1  
  199  16:03  Armory  
  199  16:04  Missile Turret  
  199  16:07  Missile Turret x2  
  199  16:09  Planetary Fortress  
  199  16:12  SCV  
  199  16:26  Missile Turret  
  199  16:29  Missile Turret  
  199  16:59  Refinery  
  199  17:02  Refinery  
  115  17:33  Marauder x2  
  115  17:34  Marauder  
  115  17:35  Marine x4  
  115  17:36  Thor x2  
  75  17:49  SCV x4  
  79  17:53  Marine x3  
  79  17:55  Marauder x3  
  88  18:00  Missile Turret  
  88  18:01  SCV x2  
  90  18:07  Marine  
  90  18:10  Medivac  
  90  18:11  Marine x2, Medivac  
  97  18:16  Marauder x3  
  97  18:19  Thor x2  
  115  18:20  Missile Turret  
  114  18:37  Marauder  
  114  18:38  Marauder  
  114  18:40  Viking  
  114  18:41  Viking  
  102  18:43  Marine x2  
  84  18:49  Marine  
  74  18:59  Marauder x2  
  74  19:01  Marine x3  
  74  19:02  Siege Tank x2  
  87  19:06  Command Center  
  87  19:07  Marine  
  88  19:14  Barracks  
  88  19:15  Barracks  
  88  19:17  Barracks  
  88  19:19  Marine x3  
  88  19:20  Marauder  
  88  19:21  Marauder  
  95  19:25  Marine  
  96  19:34  Siege Tank x2  
  96  19:36  Marine  
  103  19:42  Marauder x2  
  107  19:48  Command Center  
  107  20:03  Marauder x2  
  107  20:07  Orbital Command  
  107  20:11  Barracks Reactor, Barracks Tech Lab, Marine x5  
  107  20:14  Siege Tank x2  
  79  20:24  Marauder  
  79  20:25  Marauder  
  83  20:29  Marine x5  
  83  20:32  Marauder  
  90  20:46  Orbital Command, Marauder x2, Marine, Siege Tank x2  
  90  20:47  Marine x4  
  90  20:52  Marine  
  90  20:53  Marine  
  90  20:54  Marauder  
  89  21:04  Marine  
  89  21:05  Marine  
  89  21:07  Marauder x2  
  95  21:15  Marauder  
  95  21:18  Siege Tank  
  100  21:29  Marauder x2  
  100  21:31  Marine x2  
  100  21:32  Marine x3  
  109  21:33  Siege Tank  
  109  21:36  Marauder  
  114  21:40  SCV  
  114  21:41  SCV x2  
  114  21:43  SCV x2  
  119  21:50  Marauder x2, Siege Tank  
  119  21:53  SCV x3  
  129  21:57  Refinery  
  129  21:58  Marauder  
  129  22:00  Refinery  
  138  22:13  Missile Turret  
  138  22:15  Missile Turret  
  138  22:16  Missile Turret  
  138  22:17  Missile Turret  
Show
View Real Time Build Order
Export as new Build Order

qqq Zerg 

Build Orders: Hatch First, Lurkers, Zergling Baneling 

Get SALT Encoding   

  12  0:00  Drone  
  13  0:08  Drone  
  14  0:37  Hatchery  
  13  0:45  Drone  
  13  0:48  Overlord  
  14  1:05  Extractor  
  14  1:08  Spawning Pool  
  12  1:26  Drone x3  
  15  1:43  Drone  
  16  1:54  Drone  
  16  1:55  Drone  
  16  1:56  Queen  
  20  2:05  Drone  
  20  2:06  Drone  
  21  2:14  Queen  
  23  2:22  Metabolic Boost  
  23  2:26  Drone  
  24  2:32  Overlord  
  24  2:37  Drone  
  24  2:40  Drone  
  24  2:42  Drone  
  27  2:45  Drone  
  27  2:50  Zergling x2  
  29  3:01  Zergling x2  
  29  3:05  Drone  
  31  3:06  Overlord, Baneling Nest  
  31  3:09  Zergling x2  
  31  3:10  Zergling x2  
  32  3:13  Drone  
  33  3:20  Zergling x2  
  34  3:33  Zergling x2  
  35  3:35  Lair  
  35  3:37  Zergling x6  
  38  3:51  Zergling x6  
  38  3:52  Zergling x2  
  42  4:08  Zergling x2  
  42  4:09  Zergling x2  
  44  4:16  Overlord x3  
  44  4:23  Zergling x4  
  43  4:26  Baneling x3  
  43  4:27  Baneling x6  
  43  4:29  Zergling x2  
  43  4:30  Overlord x2  
  37  5:02  Zergling x4  
  37  5:03  Zergling x2  
  35  5:09  Baneling x4  
  35  5:12  Drone x2  
  35  5:13  Drone x3  
  40  5:16  Zergling x6  
  40  5:18  Drone  
  44  5:21  Extractor  
  44  5:27  Hatchery  
  40  5:32  Baneling x2  
  40  5:33  Zergling x4  
  40  5:34  Drone  
  43  5:47  Zergling x2  
  44  5:50  Drone x2  
  46  6:00  Drone x2  
  46  6:01  Drone x2, Extractor  
  49  6:06  Hydralisk Den  
  49  6:10  Baneling x2  
  49  6:11  Zergling x2  
  49  6:12  Drone  
  49  6:15  Extractor  
  49  6:18  Zergling x4  
  51  6:22  Drone x2  
  53  6:30  Drone x4  
  51  6:45  Hydralisk x2, Zergling x4  
  51  6:46  Hatchery  
  52  6:49  Baneling x2  
  52  6:51  Centrifical Hooks  
  52  6:56  Drone  
  52  6:57  Drone x4  
  57  7:02  Queen  
  57  7:04  Drone  
  60  7:08  Baneling  
  60  7:09  Baneling x3  
  60  7:10  Baneling x2  
  60  7:12  Baneling  
  60  7:13  Baneling  
  60  7:17  Spore Crawler  
  59  7:24  Evolution Chamber  
  59  7:26  Spore Crawler  
  59  7:27  Muscular Augments  
  59  7:28  Hydralisk  
  60  7:30  Drone  
  60  7:31  Drone  
  61  7:38  Drone x2  
  61  7:39  Drone x2  
  61  7:42  Spore Crawler  
  64  7:48  Spore Crawler  
  64  7:50  Spore Crawler  
  62  7:59  Hydralisk x2  
  62  8:00  Hydralisk  
  62  8:01  Lurker Den  
  62  8:02  Drone  
  68  8:09  Hydralisk x2  
  71  8:24  Zergling x4  
  71  8:25  Zergling x10  
  71  8:26  Drone x3  
  68  8:33  Drone  
  64  8:53  Baneling  
  64  8:54  Baneling x13  
  64  8:55  Zergling x16  
  59  8:57  Drone  
  63  9:06  Spine Crawler  
  63  9:08  Spine Crawler  
  61  9:11  Spore Crawler  
  61  9:14  Zergling x6  
  61  9:15  Drone x2  
  65  9:19  Drone  
  66  9:46  Drone x2  
  66  9:47  Hydralisk  
  70  9:56  Hatchery, Drone  
  70  9:57  Hydralisk  
  70  9:59  Hydralisk x2  
  72  10:02  Drone  
  76  10:17  Hatchery  
  76  10:19  Drone  
  76  10:20  Drone  
  76  10:28  Hydralisk x3  
  76  10:31  Overlord x3  
  82  10:35  Zerg Missile Weapons Level 1  
  82  10:37  Grooved Spines  
  82  10:42  Infestation Pit  
  81  10:50  Lurker x4  
  81  10:51  Hydralisk x4  
  81  10:53  Drone x2  
  95  10:58  Queen  
  97  11:04  Overseer  
  97  11:05  Overseer  
  97  11:06  Pneumatized Carapace  
  97  11:11  Extractor  
  97  11:12  Extractor  
  95  11:28  Drone x5  
  100  11:34  Drone x2, Hydralisk x5  
  100  11:36  Zergling x2  
  100  11:39  Baneling x4  
  113  11:40  Baneling  
  113  11:50  Hydralisk x2  
  113  11:53  Lurker  
  118  12:05  Overlord x2  
  118  12:07  Hive  
  108  12:29  Zerg Ground Armor Level 1  
  108  12:34  Drone x6  
  108  12:35  Drone x3  
  117  12:39  Hydralisk x3  
  123  12:48  Evolution Chamber  
  122  12:54  Hatchery  
  121  13:03  Lurker x5  
  121  13:04  Hydralisk, Lurker x3  
  121  13:05  Hydralisk  
  133  13:13  Spine Crawler x2  
  133  13:14  Drone  
  133  13:15  Drone x2, Spore Crawler  
  85  13:35  Hydralisk  
  85  13:36  Hydralisk x5  
  94  13:42  Spire, Spore Crawler  
  94  13:45  Zerg Missile Weapons Level 2  
  94  13:48  Spore Crawler  
  91  13:50  Hydralisk  
  91  13:51  Hydralisk x2  
  91  13:53  Drone x4  
  91  13:54  Drone x3  
  104  13:58  Extractor  
  104  14:00  Extractor  
  104  14:01  Spore Crawler  
  101  14:03  Spore Crawler  
  101  14:06  Spore Crawler  
  101  14:07  Spore Crawler  
  101  14:08  Drone x3  
  101  14:15  Spore Crawler  
  100  14:30  Zergling x6  
  100  14:31  Zergling x6  
  106  14:32  Drone x6  
  106  14:33  Drone  
  113  14:45  Lurker x3  
  115  14:46  Lurker x2  
  115  14:47  Overlord x2  
  115  14:48  Overlord x2  
  118  14:56  Hydralisk  
  118  14:59  Baneling  
  117  15:00  Baneling x11, Overlord  
  117  15:13  Drone x5  
  117  15:14  Drone x3  
  125  15:26  Viper x3  
  125  15:27  Hydralisk x2  
  125  15:28  Hydralisk  
  140  15:29  Drone x4  
  140  15:34  Queen  
  146  15:36  Drone x2  
  146  15:40  Extractor x2  
  146  15:45  Spore Crawler  
  146  15:49  Spore Crawler  
  144  15:53  Zerg Ground Armor Level 2  
  144  15:54  Spore Crawler  
  144  15:57  Spore Crawler  
  142  16:02  Ultralisk Cavern  
  132  16:32  Hydralisk x5  
  134  16:33  Hydralisk x2  
  134  16:34  Zergling x4  
  134  16:38  Seismic Spines  
  148  16:58  Overlord x6  
  148  16:59  Drone  
  128  17:08  Hatchery, Zergling x6  
  128  17:10  Baneling x4  
  128  17:15  Lurker x3  
  132  17:20  Lurker x2  
  132  17:21  Lurker x2  
  132  17:22  Zergling x6  
  139  17:24  Ultralisk x2  
  139  17:25  Drone  
  139  17:26  Drone x3  
  155  17:35  Adaptive Talons  
  155  17:36  Baneling x6  
  155  17:37  Ultralisk  
  155  17:38  Zergling x2  
  155  17:39  Zergling x4  
  155  17:40  Drone x2  
  166  17:56  Overseer x2  
  141  18:15  Ultralisk x4  
  158  18:21  Anabolic Synthesis  
  128  18:39  Ultralisk x2  
  128  18:40  Zergling x14  
  147  18:41  Zergling x2  
  147  18:42  Zergling x10  
  133  19:10  Zergling x4, Ultralisk x3  
  133  19:11  Zergling x2  
  133  19:12  Drone x2  
  133  19:16  Spine Crawler x2  
  125  19:17  Drone x3  
  125  19:19  Queen  
  125  19:21  Spine Crawler  
  125  19:23  Spine Crawler  
  128  19:24  Baneling  
  128  19:25  Baneling x7  
  128  19:29  Ultralisk  
  128  19:30  Zergling x8  
  126  19:40  Chitinous Plating  
  126  19:43  Zerg Melee Weapons Level 1  
  118  19:52  Baneling x6  
  82  20:07  Zergling x6  
  82  20:08  Zergling x2  
  67  20:14  Zergling x2  
  67  20:15  Zergling x8  
  67  20:18  Drone x3  
  74  20:28  Baneling x6  
  74  20:29  Baneling x2, Zergling x2  
  74  20:30  Zergling x2  
  76  20:37  Drone  
  77  20:47  Drone  
  77  20:48  Zergling x4  
  77  20:49  Zergling x8  
  78  21:02  Zergling x10  
  83  21:04  Drone  
  83  21:05  Drone  
  74  21:19  Baneling x6  
  74  21:20  Drone  
  75  21:39  Hatchery  
  74  21:40  Baneling x4  
  74  21:52  Hydralisk x2  
  74  21:53  Hydralisk  
  80  21:56  Drone  
  80  21:57  Hatchery, Drone  
  81  22:06  Drone x3  
Show
View Real Time Build Order
Export as new Build Order

Bioman Zerg 

Build Orders: Hatch First 

Get SALT Encoding   

  12  0:03  Drone  
  13  0:15  Overlord  
  13  0:21  Drone  
  14  0:34  Drone x2  
  16  0:38  Drone  
  17  1:00  Hatchery  
  17  1:03  Drone  
  17  1:06  Extractor  
  17  1:10  Drone  
  17  1:21  Spawning Pool  
  17  1:23  Drone  
  17  1:30  Drone  
  17  1:32  Drone  
  19  1:41  Overlord  
  19  1:53  Drone  
  20  2:08  Queen  
  20  2:12  Queen  
  20  2:13  Metabolic Boost  
  20  2:15  Zergling x2  
  25  2:16  Zergling x2  
  25  2:19  Zergling x2  
  27  2:25  Drone x2  
  29  2:36  Drone  
  30  2:37  Baneling Nest  
  30  2:38  Drone  
  30  2:44  Drone  
  30  2:51  Queen  
  33  2:57  Queen  
  35  3:02  Overlord  
  35  3:06  Drone  
  36  3:21  Drone x5  
  36  3:22  Drone  
  36  3:24  Overlord  
  42  3:28  Baneling  
  42  3:29  Baneling x3  
  42  3:41  Overlord  
  42  3:44  Drone x4  
  46  3:52  Overlord  
  46  4:06  Hatchery  
  45  4:11  Zergling x6  
  45  4:12  Zergling x10  
  51  4:42  Hatchery  
  49  4:58  Zergling x10  
  40  5:06  Queen x2  
  43  5:19  Drone x4  
  43  5:20  Evolution Chamber x2  
  41  5:34  Zergling x16  
  47  5:41  Baneling  
  47  6:09  Zergling x2  
  47  6:10  Zergling x26  
  61  6:12  Baneling x2  
  61  6:18  Overlord  
  61  6:25  Zerg Melee Weapons Level 1  
  61  6:26  Zerg Ground Armor Level 1  
  61  6:32  Lair  
  58  7:03  Overlord x2  
  58  7:23  Zergling x4  
  58  7:24  Zergling x26  
  73  7:30  Overlord x3  
  73  7:44  Baneling  
  73  7:45  Baneling x5  
  73  7:46  Baneling  
  73  7:47  Baneling x3  
  73  7:48  Zergling x4  
  73  7:49  Zergling x12  
  77  8:13  Zergling x12  
  77  8:14  Zergling x12  
  77  8:16  Baneling  
  77  8:17  Baneling  
  78  8:30  Baneling x2, Zergling x2  
  78  8:31  Zergling x8  
  82  8:39  Zergling x8  
  84  8:54  Zergling x12  
  75  9:05  Drone x4  
  79  9:20  Extractor x2  
  79  9:22  Drone x4, Extractor  
  79  9:23  Extractor x2  
  78  9:25  Baneling  
  78  9:26  Baneling x2  
  78  9:43  Drone x6  
  84  9:48  Drone x2  
  86  9:53  Overlord  
  77  10:28  Spire  
  76  10:41  Drone  
  76  10:42  Drone x12  
  89  10:43  Drone  
  89  10:45  Hatchery  
  89  11:01  Zergling x2  
  89  11:02  Zergling x16  
  96  11:12  Baneling  
  96  11:13  Baneling  
  96  11:15  Centrifical Hooks  
  96  11:16  Zerg Melee Weapons Level 2  
  96  11:22  Drone  
  96  11:23  Drone x5  
  102  11:41  Overlord x4  
  102  11:43  Zerg Flyer Weapons Level 1  
  96  12:20  Baneling  
  96  12:23  Overlord x2  
  96  12:25  Mutalisk x7  
  96  12:26  Mutalisk x6  
  122  12:48  Queen  
  124  12:55  Queen  
  126  13:01  Zergling x2  
  126  13:02  Zergling x30  
  142  13:19  Overlord x4  
  142  13:27  Baneling x6  
  123  13:36  Zergling x2  
  123  13:37  Zergling x18  
  120  13:59  Drone  
  120  14:00  Drone x12  
  133  14:06  Queen  
  133  14:08  Hatchery  
  134  14:26  Baneling x2  
  134  14:28  Zergling x2  
  134  14:29  Zergling x36  
  153  14:37  Infestation Pit  
  152  14:57  Zerg Flyer Weapons Level 2  
  152  15:01  Zerg Ground Armor Level 2  
  152  15:18  Zergling x2  
  152  15:19  Zergling x26  
  152  15:20  Zergling x18  
  175  15:22  Baneling x3  
  175  15:23  Baneling x12  
  175  15:26  Pathogen Glands  
  169  15:50  Overlord  
  169  15:52  Spore Crawler  
  169  15:54  Spore Crawler  
  167  16:07  Infestor x2  
  167  16:08  Infestor x5  
  181  16:17  Hive  
  161  16:26  Extractor x2  
  161  16:31  Zergling x2  
  161  16:32  Zergling x48  
  184  16:33  Zergling x10  
  189  16:46  Baneling  
  189  16:47  Baneling x3  
  165  17:24  Baneling x4  
  165  17:25  Baneling x4  
  103  17:34  Zergling x2  
  103  17:35  Zergling x34  
  103  17:36  Zergling x20  
  124  17:58  Baneling  
  124  17:59  Baneling x12  
  104  18:14  Zergling x2  
  104  18:15  Zergling x16  
  111  18:27  Zerg Melee Weapons Level 3  
  101  18:49  Zergling x2  
  101  18:50  Zergling x16  
  101  18:51  Zergling x2  
  111  19:08  Zergling x2  
  111  19:09  Zergling x12  
  118  19:30  Hatchery  
  116  19:39  Baneling x3  
  116  19:40  Baneling  
  116  19:46  Overseer x5  
  116  19:49  Overseer x2  
  116  19:50  Overseer  
  80  20:24  Pneumatized Carapace  
  77  21:20  Mutalisk x5  
  77  21:21  Mutalisk x12  
Show
View Real Time Build Order
Export as new Build Order

Kelkun Terran 

Build Orders: Reaper Expand 

Get SALT Encoding   

  12  0:00  SCV  
  13  0:12  SCV  
  14  0:18  Supply Depot  
  14  0:25  SCV  
  15  0:40  SCV  
  15  0:41  Barracks  
  16  0:48  Refinery  
  16  0:52  SCV  
  17  1:04  SCV  
  18  1:16  SCV  
  19  1:31  Reaper, Orbital Command  
  20  1:45  Command Center  
  20  1:55  Supply Depot  
  20  2:04  Barracks  
  20  2:08  Marine  
  21  2:23  SCV  
  21  2:28  Factory  
  21  2:29  Barracks Reactor  
  22  2:34  Refinery  
  22  2:38  SCV  
  23  2:51  SCV  
  23  2:54  Barracks Tech Lab  
  24  3:02  Orbital Command  
  24  3:06  SCV  
  24  3:07  Marine x2  
  27  3:16  Supply Depot  
  27  3:18  Stimpack  
  27  3:20  SCV, Marine  
  29  3:28  Starport  
  29  3:31  Marine  
  29  3:33  Marine  
  31  3:38  SCV  
  31  3:40  SCV  
  33  3:43  Marine  
  34  3:50  Factory Reactor  
  34  3:53  Marine x2  
  36  3:57  SCV x2  
  36  4:01  Marine  
  39  4:03  Supply Depot  
  39  4:16  Marine x2  
  41  4:19  Marine  
  35  4:34  Marine x2  
  35  4:37  Marine  
  35  4:47  Engineering Bay  
  35  4:52  Marine x2  
  37  4:54  Marine  
  38  5:03  SCV x2  
  40  5:07  Medivac  
  40  5:09  Hellion  
  40  5:10  Marine x2  
  46  5:16  SCV x2  
  48  5:26  Combat Shield  
  48  5:35  Marine x3  
  49  5:40  Medivac  
  53  5:52  SCV x2  
  53  5:56  Supply Depot  
  55  6:04  SCV x2, Terran Infantry Weapons Level 1  
  56  6:12  Marine x3  
  59  6:18  Medivac  
  59  6:21  Hellion  
  59  6:22  SCV  
  59  6:23  SCV  
  65  6:32  Marine x2  
  65  6:33  Marine  
  67  6:50  Marine x3  
  70  6:59  Factory Tech Lab, Supply Depot  
  70  7:00  SCV x2  
  72  7:06  Supply Depot  
  72  7:07  Supply Depot  
  72  7:11  Marine  
  72  7:12  SCV x2, Marine x2  
  72  7:15  Medivac x2  
  81  7:23  Siege Tank  
  81  7:27  Refinery  
  81  7:28  Refinery, SCV x2  
  86  7:34  Marine x3  
  86  7:35  Barracks  
  89  7:37  Barracks  
  89  7:39  Barracks  
  89  7:44  SCV x2  
  91  7:55  Medivac  
  91  7:56  Marine x3  
  96  8:01  Terran Infantry Armor Level 1  
  94  8:21  Marine  
  94  8:22  Marine x3  
  81  8:27  Marine x2  
  83  8:38  Siege Tank  
  83  8:39  Marine x2, Medivac  
  83  8:40  Marine x2  
  92  8:45  Marine x2  
  94  8:57  Marine x3  
  94  8:58  Marine  
  98  9:03  Marine x2  
  100  9:15  Marine x3  
  103  9:20  SCV x2  
  103  9:21  Armory  
  103  9:34  SCV x2  
  103  9:38  Barracks Reactor x3  
  105  9:44  Marine  
  105  9:45  Marine x2  
  107  9:46  Barracks, Siege Tank  
  107  9:47  Barracks  
  107  9:48  Barracks  
  107  9:52  Medivac x2, Supply Depot  
  114  9:54  Supply Depot  
  114  9:55  Supply Depot  
  114  10:03  Marine x3  
  114  10:05  SCV  
  114  10:06  SCV  
  118  10:31  Marine x2  
  118  10:32  Marauder, Marine  
  118  10:33  Marine x3  
  118  10:34  Marine x2  
  128  10:36  Medivac x2, Siege Tank  
  134  10:44  Barracks Tech Lab x2  
  134  10:49  SCV x2  
  136  11:04  Marine x5  
  136  11:05  Reaper, Marine x2  
  144  11:20  Marauder x2  
  144  11:22  Marauder  
  144  11:25  Siege Tank  
  153  11:31  Viking  
  155  11:58  Marauder  
  155  11:59  Marine  
  158  12:07  Supply Depot  
  158  12:08  Supply Depot  
  158  12:10  Supply Depot  
  158  12:29  Marauder x3, Marine x9  
  173  12:38  Viking  
  173  12:39  Viking  
  177  12:46  Marine  
  177  12:51  Marauder x2  
  182  12:58  Marine  
  182  13:21  Marine  
  182  13:22  Marine  
  182  13:28  Marauder  
  182  13:29  Marauder  
  182  13:31  Marauder  
  166  13:45  Marine x6  
  166  13:46  Marine  
  166  13:47  Siege Tank  
  166  13:48  Viking  
  178  13:50  Marauder x2  
  182  13:59  Supply Depot  
  182  14:00  Supply Depot  
  182  14:21  Marauder  
  180  14:47  Marauder x2, Marine x2  
  180  14:48  Marauder, Marine x6  
  194  15:02  Marine  
  194  15:05  Marine x2  
  194  15:06  Marine  
  198  15:15  Marine  
  198  15:39  Supply Depot  
  198  15:40  Supply Depot  
  198  15:57  Terran Infantry Weapons Level 2  
  198  16:00  Terran Vehicle Weapons Level 1  
  198  16:01  Marine x2  
  200  16:19  Marine  
  200  16:20  Marine x3  
  200  16:22  Marine x3  
  200  16:23  Marauder x3  
  192  16:26  Marine x2  
  193  16:37  Marine x3, Siege Tank  
  198  16:44  Marauder  
  199  17:10  Marine  
  190  17:34  Marauder x3, Marine x5  
  190  17:35  Marine x4  
  198  17:38  Viking  
  200  18:13  Terran Infantry Armor Level 2, Command Center  
  200  18:18  Command Center  
  172  18:50  Marauder x3, Marine x3  
  172  18:51  Marine x5  
  183  19:13  Marauder  
  183  19:14  Marine  
  166  19:30  Marauder, Marine  
  159  20:05  Marauder x3, Marine x4  
  159  20:06  Marine x5  
  130  20:23  Marine x2  
  130  20:26  Marauder  
  130  20:27  Marauder x2  
  136  20:29  Marine x4  
  136  20:30  Marine  
  141  20:39  Planetary Fortress, Missile Turret  
  136  20:48  Marauder x3  
  112  21:01  Marine x3  
  112  21:09  Marauder x3  
  118  21:30  Marauder  
  118  21:35  Marauder, Marine x2  
  118  21:36  Marauder, Marine x5  
  118  21:37  Marine x2  
  131  21:40  Medivac  
  131  21:41  Medivac  
  135  21:52  Marauder  
  135  21:53  Marine  
  138  22:03  Marauder x2, Marine x3  
  138  22:04  Marine x4  
Tags
 
Add a new tag
Caveats
  • Supply blocks, unpowered buildings, or Contaminate may cause inaccurate times.
  • Supply counts are checked every 10 seconds.